Cogmind - Beta 15 @@@ ROGUE MODE // 2025.08.29 @ 10:30:37 Player: beans Result: Destroyed by H-66 Slayer with Heavy Assault Rifle Performance ------------- Evolutions (4) 2000 Regions Visited (12) 2400 Robots Destroyed (158) 790 Value Destroyed (5165) 5165 Prototype IDs (17) 340 Alien Tech Used (0) 0 Bonus (1408) 1408 TOTAL SCORE: 12103 Bonus ------- High Alert Combat Kills 282 Follower Combat Kills 938 Met Data Miner 300 Friendly Fire -112 Cogmind --------- Core Integrity 0/850 Matter 550/550 Energy 92/100 System Corruption 3% Temperature Cool (0) Movement Core (150) Ox2 Location -6/Extension Parts ------- > --- POWER (1) -------- (None) > --- PROPULSION (4) --- (None) > --- UTILITY (6) ------ Matter Compressor Advanced Targeting Computer System Shield > --- WEAPON (4) ------- Power Maul > --- INVENTORY (5) ---- Micro Nuclear Core High-capacity Matter Pod (200) Drone Bay (2/2) Greatsword Peak State ------------ > --- POWER ------------ Light Angular Momentum Engine > --- PROPULSION ------- Medium Treads Medium Treads > --- UTILITY ---------- Matter Compressor Advanced Targeting Computer Hardened Medium Armor Plating Hacking Suite Hacking Suite System Shield > --- WEAPON ----------- Heavy Flak Cannon Heavy Flak Cannon Mass Driver Mass Driver > --- INVENTORY -------- Micro Nuclear Core High-capacity Matter Pod Drone Bay [Rating: 56] Favorites ----------- Power Light Deuterium Engine Engine Light Deuterium Engine Power Core Micro Nuclear Core Propulsion Improved Titanium Leg Treads Medium Treads Leg Improved Titanium Leg Hover Unit Cooled Airjet Flight Unit Improved Cesium-ion Thruster Utility Advanced Targeting Computer Device Weapon Cycler Storage Large Storage Unit Processor Advanced Targeting Computer Hackware Hacking Suite Protection Hardened Medium Armor Plating Weapon Light Cannon Energy Cannon Plasma Cannon Ballistic Gun Gauss Rifle Ballistic Cannon Light Cannon Launcher Long-range Missile Launcher Impact Weapon Power Maul Build | -11 -10 -10 -10 -9 -8 -7 -7 -7 -7 -6 -6 -6 ------- Run | Yrd Mat Min Exi Min Mat Fac Low Low Dat Pro Fac Ext Slots Evolved 8 | . . . . . 4 2 . . . . 2 . Power . | . . . . . . . . . . . . . Propulsion 2 | . . . . . . . . . . . 2 . Utility 4 | . . . . . 2 2 . . . . . . Weapon 2 | . . . . . 2 . . . . . . . Parts Attached 82 | 4 4 2 . 2 14 22 1 . . . 29 4 Power 9 | . . . . 1 2 3 . . . . 3 . Engine 8 | . . . . 1 2 3 . . . . 2 . Core 1 | . . . . . . . . . . . 1 . Reactor . | . . . . . . . . . . . . . Propulsion 19 | 2 . 2 . . 2 4 . . . . 9 . Treads 4 | 2 . . . . . . . . . . 2 . Leg 9 | . . 2 . . 2 3 . . . . 2 . Wheel . | . . . . . . . . . . . . . Hover 5 | . . . . . . . . . . . 5 . Flight 1 | . . . . . . 1 . . . . . . Utility 23 | . 2 . . . 4 8 1 . . . 7 1 Device 6 | . . . . . 3 2 . . . . 1 . Storage 3 | . 1 . . . . . . . . . 2 . Processor 7 | . 1 . . . 1 5 . . . . . . Hackware 6 | . . . . . . 1 1 . . . 3 1 Protection 1 | . . . . . . . . . . . 1 . Artifact . | . . . . . . . . . . . . . Weapon 31 | 2 2 . . 1 6 7 . . . . 10 3 Energy Gun . | . . . . . . . . . . . . . Energy Cannon 7 | . . . . . 4 . . . . . 3 . Ballistic Gun 8 | 2 . . . 1 2 2 . . . . 1 . Ballistic Cannon 12 | . 2 . . . . 4 . . . . 4 2 Launcher 3 | . . . . . . 1 . . . . 2 . Special Weapon . | . . . . . . . . . . . . . Impact Weapon 1 | . . . . . . . . . . . . 1 Slashing Weapon . | . . . . . . . . . . . . . Piercing Weapon . | . . . . . . . . . . . . . Special Melee Weapon . | . . . . . . . . . . . . . Unidentified Prototypes 6 | . . . . . . 3 . . . . 3 . Parts Lost 53 | . . 2 . 1 3 21 . . . . 17 9 Power 7 | . . . . . 2 3 . . . . 1 1 Propulsion 14 | . . 2 . . . 5 . . . . 5 2 Utility 12 | . . . . . . 4 . . . . 5 3 Weapon 20 | . . . . 1 1 9 . . . . 6 3 Highest Loss Streak 6 | . . 2 . 1 1 6 . . . . 6 2 To Critical Strikes . | . . . . . . . . . . . . . Average Backups 5 | . 3 7 7 6 8 6 4 5 5 4 4 3 Power . | . . . . . . . . . . . . 1 Propulsion . | . . . . . 1 1 . . . . . . Utility 3 | . 2 5 5 5 4 4 4 3 3 3 2 2 Weapon 1 | . . 2 2 1 2 . . 1 2 1 1 . Tool/Special . | . . . . . . . . . . . . . Unused Backups 7 | . . . . . . . . 1 . . 3 3 Power 1 | . . . . . . . . . . . . 1 Propulsion 1 | . . . . . . . . . . . 1 . Utility 3 | . . . . . . . . 1 . . 2 . Weapon 2 | . . . . . . . . . . . . 2 Tool/Special . | . . . . . . . . . . . . . Average Slot Usage (%) 73 | . 66 75 85 85 87 85 57 54 53 57 61 58 Engine 2 | . . . . . 7 5 . . . . . 3 Treads 3 | . 26 1 . . . . . . . . 1 10 Leg 9 | . . 17 28 28 18 10 . . . . 2 . Device 6 | . . . . . 12 8 15 15 15 15 8 . Storage 7 | . 12 14 14 14 9 6 . . . . 3 6 Processor 13 | . 2 14 14 14 9 21 15 15 15 15 12 6 Hackware 5 | . . . . . . 4 11 15 15 15 7 15 Energy Cannon 4 | . . . . . 23 2 . . . . 3 . Ballistic Gun 5 | . 16 . . 13 6 12 7 . . . 2 . Ballistic Cannon 9 | . 7 28 28 14 . 8 . . . . 4 8 Peak Build Rating 56 | 4 6 6 6 8 41 48 33 31 26 33 52 56 Average Rating 27 | 2 4 5 6 6 31 37 29 26 26 27 38 35 On Entrance 19 | . 4 6 6 6 8 40 28 31 26 26 28 40 Naked Turns . | . . . . . . . . . . . . . Heaviest Build 54 | 4 26 26 26 31 54 52 6 6 2 8 41 47 Greatest Support 56 | 40 40 20 20 20 40 40 6 6 6 6 56 56 Greatest Overweight (x) 16 | . 7 8 1 1 1 16 . . . 1 12 2 Average Overweight (x) . | . . 1 1 1 . 1 . . . . 1 . Largest Inventory Capacity 15 | 5 15 15 15 15 15 15 5 5 5 5 5 5 Average Capacity 10 | 5 14 15 15 15 15 14 5 5 5 5 5 5 Most Carried 15 | 2 7 8 7 7 15 13 5 5 5 5 5 5 Average Carried 5 | . 3 7 7 6 8 6 4 5 5 4 4 4 Final Capacity 15 | 5 15 15 15 15 15 5 5 5 5 5 5 5 Final Carried 14 | . 7 7 7 7 14 5 5 5 5 4 5 5 Class Distribution -------------------- 37% | Mutant 32% | Gunner 25% | Hacker-Mutant 3% | Hacker-Gunner Dominant Class ---------------- Mutant | -10/Materials Mutant | -10/Mines Mutant | -10/Exiles Mutant | -9/Mines Gunner | -8/Materials Gunner | -7/Factory Hacker-Mutant | -7/Lower Caves Hacker-Mutant | -7/Lower Caves Hacker-Mutant | -7/Data Miner Hacker-Mutant | -6/Proximity Caves Hacker-Mutant | -6/Factory Hacker-Mutant | -6/Extension Resources | -11 -10 -10 -10 -9 -8 -7 -7 -7 -7 -6 -6 -6 ----------- Run | Yrd Mat Min Exi Min Mat Fac Low Low Dat Pro Fac Ext Matter Collected 5424 | 179 376 192 200 275 640 1168 130 31 . 48 1360 825 Remotely . | . . . . . . . . . . . . . Salvage Created 5292 | . 354 169 . 96 715 1262 90 . . 80 1807 719 Parts 254 | . 29 14 . 15 29 59 6 . . 1 77 24 Haulers Intercepted 6 | . 1 . . . 1 . . . . . 3 1 Recyclers Shooed 6 | . 1 . . . . 3 . . . . 2 . Parts Field Recycled . | . . . . . . . . . . . . . Retrieved Matter . | . . . . . . . . . . . . . Parts Self-Destructed 6 | . . . . . . . 3 . . 3 . . Prevented 3 | . . . . . . . . 3 . . . . Kills | -11 -10 -10 -10 -9 -8 -7 -7 -7 -7 -6 -6 -6 ------- Run | Yrd Mat Min Exi Min Mat Fac Low Low Dat Pro Fac Ext Combat Hostiles Destroyed 109 | . 9 8 . 7 12 28 3 . . 3 29 10 Guns 27 | . 8 . . 4 3 11 . . . . 1 . Cannons 59 | . 1 8 . 3 7 14 . . . . 16 10 AOE 20 | . . . . . . 3 3 . . 3 11 . Classes Destroyed 16 | . 6 1 . . 3 5 1 . . . . . Worker 11 | . 1 . . . 1 3 . . . . 6 . Builder 8 | . 1 . . 1 2 1 . . . . 2 1 Tunneler 3 | . 1 . . . . 1 . . . . . 1 Hauler 6 | . 1 . . . 1 . . . . . 3 1 Recycler 9 | . . 1 . . 1 1 . . . . 4 2 Mechanic 2 | . . . . . . 2 . . . . . . Operator 3 | . . . . . 1 . . . . . . 2 Watcher 7 | . . . . . 2 1 . . . . 4 . Swarmer 32 | . 3 6 . 7 4 5 3 . . . 4 . Grunt 48 | . 6 2 . . 6 14 . . . 2 14 4 Brawler 2 | . . . . . . 1 . . . 1 . . Sentry 10 | . . . . . 2 2 . . . . 3 3 Specialist 2 | . . . . . . 2 . . . . . . Hunter 6 | . . . . . . 1 . . . . 3 2 Programmer 9 | . . . . . . 3 . . . . 5 1 Samaritan 1 | . . . . . . . 1 . . . . . Best Kill Streak 8 | . 4 5 . 4 6 6 3 . . 3 8 3 Combat Bots Only 6 | . 4 5 . 4 5 6 3 . . 3 5 2 Max Kills in Single Turn 3 | . 2 1 . 1 1 3 3 . . 2 3 1 Gunslinging 1 | . 1 . . . . . . . . . . . Exploded 3 | . . . . . . 2 3 . . 2 2 . Melee . | . . . . . . . . . . . . . Uniques/NPCs Destroyed . | . . . . . . . . . . . . . Combat | -11 -10 -10 -10 -9 -8 -7 -7 -7 -7 -6 -6 -6 -------- Run | Yrd Mat Min Exi Min Mat Fac Low Low Dat Pro Fac Ext Hostile Shots Fired 793 | . 51 44 . 35 100 219 10 . . 4 175 155 Missed 236 | . 15 15 . 6 20 77 6 . . 1 44 52 Hits 557 | . 36 29 . 29 80 142 4 . . 3 131 103 Projectile 557 | . 36 29 . 29 80 142 4 . . 3 131 103 Critical Strikes 19 | . 1 1 . 1 4 8 . . . . 2 2 Damage Taken 7949 | . 362 262 . 241 972 2440 126 . . 51 2136 1359 Core 1823 | . 37 66 . 52 204 547 56 . . . 558 303 Absorbed by Shields 614 | . . . . . . . . . . . 12 602 Core Remaining (%) 53 | 100 . . . 38 62 . . . . 13 . . Volleys Fired 433 | . 37 28 . 17 73 77 6 . . 5 136 54 Largest 4 | . 2 2 . 2 4 4 1 . . 1 2 4 Hottest 320 | . 60 60 . 60 320 240 36 . . 36 129 182 Shots Fired 796 | . 74 56 . 32 136 222 6 . . 5 173 92 Gun 246 | . 54 . . 14 34 104 5 . . . 35 . Cannon 523 | . 20 56 . 18 102 115 . . . . 120 92 Launcher 27 | . . . . . . 3 1 . . 5 18 . Special . | . . . . . . . . . . . . . Kinetic 592 | . 74 56 . 32 34 199 5 . . . 102 90 Thermal 177 | . . . . . 102 20 . . . . 53 2 Explosive 27 | . . . . . . 3 1 . . 5 18 . Electromagnetic . | . . . . . . . . . . . . . Robot Hit Streak 20 | . 8 5 . 5 7 16 4 . . 6 20 8 Robot Miss Streak 9 | . 4 5 . 4 5 5 1 . . . 6 9 Penetration Max 1 | . . . . . . 1 . . . . 1 . Secondary Targets 3 | . 2 . . . . 1 . . . . . . Max Gunslinging Chain 1 | . 1 . . . . 1 . . . . . . Shots Hit Robots 498 | . 42 28 . 16 62 137 5 . . 4 119 85 Core Hits 339 | . 17 10 . 8 26 62 6 . . 8 94 108 Critical Kills 3 | . 1 . . . 1 . . . . . 1 . Critical Parts Destroyed . | . . . . . . . . . . . . . Critical Strikes 16 | . 1 . . . 1 9 . . . . 4 1 Meltdown 2 | . . . . . 1 . . . . . 1 . Destroy 1 | . 1 . . . . . . . . . . . Blast 13 | . . . . . . 9 . . . . 3 1 Melee Attacks 5 | . . . . . . . . . . . . 5 Impact 5 | . . . . . . . . . . . . 5 Slashing . | . . . . . . . . . . . . . Piercing . | . . . . . . . . . . . . . Sneak Attacks 1 | . . . . . . . . . . . . 1 Combat Hostiles . | . . . . . . . . . . . . . Follow-up Attacks . | . . . . . . . . . . . . . Damage Inflicted 15370 | . 587 522 . 237 1538 3886 254 . . 480 5503 2363 Guns 2839 | . 360 . . 101 378 1373 78 . . . 549 . Cannons 8804 | . 227 522 . 136 1160 1982 . . . . 2653 2124 Explosions 3488 | . . . . . . 531 176 . . 480 2301 . Melee 239 | . . . . . . . . . . . . 239 Ramming . | . . . . . . . . . . . . . Kinetic 9117 | . 587 522 . 237 378 2889 78 . . . 2329 2097 Thermal 2804 | . . . . . 1160 744 . . . . 873 27 Explosive 3210 | . . . . . . 253 176 . . 480 2301 . Electromagnetic . | . . . . . . . . . . . . . Impact 239 | . . . . . . . . . . . . 239 Slashing . | . . . . . . . . . . . . . Piercing . | . . . . . . . . . . . . . Highest Corruption 3 | . . . . . . 2 2 2 2 2 . 3 Average Corruption 2 | . . . . . . 1 2 2 2 2 . 2 Corruption Purged . | . . . . . . . . . . . . . Corruption Blocked . | . . . . . . . . . . . . . Effects 23 | . . . . . . 12 2 3 1 1 . 4 Message Errors 6 | . . . . . . 2 1 . . 1 . 2 Matter Fused 2 | . . . . . . 2 . . . . . . Heat Flow Errors 1 | . . . . . . . . . . . . 1 Energy Discharges 4 | . . . . . . 1 1 2 . . . . Parts Rejected 2 | . . . . . . 2 . . . . . . Data Loss (minor) 3 | . . . . . . 2 . . . . . 1 Data Loss (major) 2 | . . . . . . 1 . 1 . . . . Misfires 1 | . . . . . . 1 . . . . . . Alerts 1 | . . . . . . . . . 1 . . . Weapon Failures 1 | . . . . . . 1 . . . . . . Overload Shots . | . . . . . . . . . . . . . Overflow Damage 346 | . . 17 . . 18 84 . . . 12 140 75 Projectiles 152 | . . 17 . . 18 15 . . . . 97 5 Explosions 124 | . . . . . . 69 . . . 12 43 . Melee 70 | . . . . . . . . . . . . 70 Knockbacks 41 | . 1 8 . 1 . 5 . . . . 7 19 Impact 1 | . . . . . . . . . . . . 1 Kinetic 39 | . 1 7 . 1 . 5 . . . . 7 18 Secondary 1 | . . 1 . . . . . . . . . . Self-Inflicted Damage . | . . . . . . . . . . . . . Shots . | . . . . . . . . . . . . . Rammed . | . . . . . . . . . . . . . Targets Rammed . | . . . . . . . . . . . . . Kicked . | . . . . . . . . . . . . . Crushed . | . . . . . . . . . . . . . Highest Temperature 702 | . 1 10 . . 520 36 291 . . 8 358 702 Average Temperature 128 | . 1 4 . . 179 13 145 . . 4 88 138 Received Heat Transfer 2002 | . 123 42 . . 414 558 . . . 9 360 496 Effects 21 | . . . . . 13 . . . . . . 8 Shutdowns 3 | . . . . . 2 . . . . . . 1 Energy Bleed 2 | . . . . . 1 . . . . . . 1 Interference 4 | . . . . . 4 . . . . . . . Matter Decay 4 | . . . . . 2 . . . . . . 2 Short Circuit 4 | . . . . . 2 . . . . . . 2 Damage (minor) 3 | . . . . . 2 . . . . . . 1 Damage (core) 1 | . . . . . . . . . . . . 1 Siege Activations . | . . . . . . . . . . . . . Martial Activations . | . . . . . . . . . . . . . Shielding Activations . | . . . . . . . . . . . . . Robots Disrupted . | . . . . . . . . . . . . . Combat Hostiles . | . . . . . . . . . . . . . Robots Corrupted . | . . . . . . . . . . . . . Combat Hostiles . | . . . . . . . . . . . . . Parts Fried 1 | . . . . . . . . . . . . 1 Impact Corruptions 1 | . . . . . . . . . . . . 1 Robots Melted 3 | . . . . . 2 . . . . . 1 . Combat Hostiles 3 | . . . . . 2 . . . . . 1 . Parts Melted 15 | . . . . . 9 2 . . . . 3 1 Heat Transferred 4423 | . . . . . 2250 1100 . . . . 1036 37 Parts Sabotaged . | . . . . . . . . . . . . . Parts Stolen . | . . . . . . . . . . . . . Parts Stripped . | . . . . . . . . . . . . . Power Chain Reactions . | . . . . . . . . . . . . . Alert | -11 -10 -10 -10 -9 -8 -7 -7 -7 -7 -6 -6 -6 ------- Run | Yrd Mat Min Exi Min Mat Fac Low Low Dat Pro Fac Ext Maximum Alert Level 3 | . 1 . . . . 1 . . . . 2 3 Low Security (%) 66 | 100 95 100 . 100 100 97 . . . . 25 . Level 1 10 | . 4 . . . . 2 . . . . 12 44 Level 2 20 | . . . . . . . . . . . 61 36 Level 3 2 | . . . . . . . . . . . . 18 Level 4 . | . . . . . . . . . . . . . Level 5 . | . . . . . . . . . . . . . High Security . | . . . . . . . . . . . . . Max Security . | . . . . . . . . . . . . . Peak Influence 817 | . 215 161 . 80 157 321 . . . . 688 817 Initial 324 | . . 66 . . . 25 . . . . 187 324 Average 221 | . 71 81 . 22 68 118 . . . . 401 498 Influence Increases 4846 | . 292 210 . 165 435 991 70 . . 100 1548 1035 Destroy 0b10 Robot/C 2660 | . 180 160 . 140 240 560 60 . . 80 660 580 Destroy 0b10 Robot/NC 280 | . 20 5 . 5 40 45 . . . . 105 60 Destroy Leader 592 | . 32 30 . 20 66 142 10 . . 20 188 84 Allied During Kill 389 | . . . . . . . . . . . 118 271 Successful Hack 2 | . . . . . . . . . . . 2 . Disable Machine 330 | . . 15 . . 45 120 . . . . 150 . Destroy Structure 293 | . . . . . 44 49 . . . . 175 25 Advance Influence 150 | . . . . . . . . . . . 150 . Partial Spotted 15 | . . . . . . 15 . . . . . . Lose Combat Pursuer 135 | . 60 . . . . 60 . . . . . 15 Influence Decreases 4077 | . 122 380 . 165 378 730 189 108 91 40 944 930 Entered New Map 747 | . . 104 . . . 32 119 38 91 . 23 340 Time Decay 2590 | . 122 256 . 165 348 498 70 70 . 40 581 440 Lost Part 510 | . . 20 . . 30 200 . . . . 170 90 Lost Ally 80 | . . . . . . . . . . . 20 60 Purge Threat 150 | . . . . . . . . . . . 150 . Squads Dispatched 27 | . 1 . . . 3 11 . . . . 8 4 Investigation 2 | . . . . . 1 . . . . . 1 . Extermination 6 | . . . . . . 4 . . . . 2 . Reinforcement 13 | . 1 . . . 2 4 . . . . 2 4 Assault . | . . . . . . . . . . . . . Garrison 6 | . . . . . . 3 . . . . 3 . Intercept . | . . . . . . . . . . . . . Searches Triggered . | . . . . . . . . . . . . . Data Miner Redirects 1 | . . . . . . . . . . . 1 . Construction Impeded 4 | . . . . . . 1 . . . . 1 2 Haulers Reinforced 2 | . . . . . . 1 . . . . 1 . Active Scanning Responses . | . . . . . . . . . . . . . Cargo Convoy Interrupts . | . . . . . . . . . . . . . Stealth | -11 -10 -10 -10 -9 -8 -7 -7 -7 -7 -6 -6 -6 --------- Run | Yrd Mat Min Exi Min Mat Fac Low Low Dat Pro Fac Ext Distress Signals 9 | . . . . . 1 1 . . . 1 2 4 Communications Jammed . | . . . . . . . . . . . . . Distress Signals . | . . . . . . . . . . . . . Times Spotted 186 | . 14 7 . 7 22 44 6 . . 7 41 38 Peak Tracking Total 9 | . 6 3 . 4 5 4 9 . . 5 5 4 Tactical Retreats 8 | . 3 . . . . 3 1 . . . . 1 Traps | -11 -10 -10 -10 -9 -8 -7 -7 -7 -7 -6 -6 -6 ------- Run | Yrd Mat Min Exi Min Mat Fac Low Low Dat Pro Fac Ext Traps Triggered 12 | . 3 . . . 1 . 1 . . . 5 2 Indirectly . | . . . . . . . . . . . . . Trap Hack Attempts . | . . . . . . . . . . . . . Triggered . | . . . . . . . . . . . . . Disarmed . | . . . . . . . . . . . . . Reprogrammed . | . . . . . . . . . . . . . Reused . | . . . . . . . . . . . . . Traps Extracted . | . . . . . . . . . . . . . Installed . | . . . . . . . . . . . . . Triggered . | . . . . . . . . . . . . . Machines | -11 -10 -10 -10 -9 -8 -7 -7 -7 -7 -6 -6 -6 ---------- Run | Yrd Mat Min Exi Min Mat Fac Low Low Dat Pro Fac Ext Machines Disabled 24 | . . 1 . . 3 8 . . . . 10 2 Max in Single Turn 4 | . . 1 . . 1 4 . . . . 2 1 Garrison Access 1 | . . . . . . 1 . . . . . . Machines Repaired . | . . . . . . . . . . . . . Machines Dismantled . | . . . . . . . . . . . . . Machines Sabotaged . | . . . . . . . . . . . . . Overloaded Fab Kills . | . . . . . . . . . . . . . Hacking | -11 -10 -10 -10 -9 -8 -7 -7 -7 -7 -6 -6 -6 --------- Run | Yrd Mat Min Exi Min Mat Fac Low Low Dat Pro Fac Ext Machines Accessed 15 | . . . 4 . . 2 1 . 4 . 3 1 Terminals 2 | . . . . . . . . . . . 1 1 Fabricators 1 | . . . . . . . . . . . 1 . Repair Stations . | . . . . . . . . . . . . . Recycling Units . | . . . . . . . . . . . . . Scanalyzers . | . . . . . . . . . . . . . Garrison Access 3 | . . . . . . 2 . . . . 1 . Total Hacks 41 | . . . 4 . . 2 1 . 29 . 4 1 Successful 39 | . . . 4 . . 1 1 . 29 . 3 1 Failed 2 | . . . . . . 1 . . . . 1 . Catastrophic 1 | . . . . . . 1 . . . . . . Database Lockouts . | . . . . . . . . . . . . . Manual 3 | . . . . . . . . . 2 . . 1 Terminals 2 | . . . . . . . . . . . 1 1 Fabricators 2 | . . . . . . . . . . . 2 . Repair Stations . | . . . . . . . . . . . . . Recycling Units . | . . . . . . . . . . . . . Scanalyzers . | . . . . . . . . . . . . . Garrison Access 3 | . . . . . . 2 . . . . 1 . Terminal Hacks 36 | . . . 4 . . . 1 . 29 . 1 1 Record 15 | . . . 4 . . . . . 11 . . . Part Schematic 11 | . . . . . . . . . 11 . . . Robot Schematic 4 | . . . . . . . . . 4 . . . Prototype ID Bank 3 | . . . . . . . . . 3 . . . Open Door 1 | . . . . . . . 1 . . . . . Alert Level 1 | . . . . . . . . . . . . 1 Unreport Threat 1 | . . . . . . . . . . . 1 . Fabricator Hacks 2 | . . . . . . . . . . . 2 . Load Schematic 1 | . . . . . . . . . . . 1 . Build 1 | . . . . . . . . . . . 1 . Repair Station Hacks . | . . . . . . . . . . . . . Recycling Unit Hacks . | . . . . . . . . . . . . . Scanalyzer . | . . . . . . . . . . . . . Garrison Access Hacks 1 | . . . . . . 1 . . . . . . Seal Access 1 | . . . . . . 1 . . . . . . Unauthorized Hacks . | . . . . . . . . . . . . . Terminals . | . . . . . . . . . . . . . Fabricators . | . . . . . . . . . . . . . Repair Stations . | . . . . . . . . . . . . . Recycling Units . | . . . . . . . . . . . . . Scanalyzers . | . . . . . . . . . . . . . Garrison Access . | . . . . . . . . . . . . . Data Cores Recovered 1 | . . . . . . . . . . . . 1 Used . | . . . . . . . . . . . . . Hacking Detections 4 | . . . . . . 1 . . . . 3 . Full Trace Events 1 | . . . . . . . . . . . 1 . Feedback Events . | . . . . . . . . . . . . . Feedback Blocked . | . . . . . . . . . . . . . Robot Schematics Acquired 4 | . . . . . . . . . 4 . . . Robots Built . | . . . . . . . . . . . . . Authchips . | . . . . . . . . . . . . . Time . | . . . . . . . . . . . . . Total Robot Build Rating . | . . . . . . . . . . . . . Part Schematics Acquired 11 | . . . . . . . . . 11 . . . Parts Built 2 | . . . . . . . . . . . 2 . Authchips . | . . . . . . . . . . . . . Time 106 | . . . . . . . . . . . 106 . Total Part Build Rating 12 | . . . . . . . . . . . 12 . Parts Repaired . | . . . . . . . . . . . . . Time . | . . . . . . . . . . . . . Parts Recycled . | . . . . . . . . . . . . . Recycled Matter . | . . . . . . . . . . . . . Retrieved Matter . | . . . . . . . . . . . . . Retrieved Components . | . . . . . . . . . . . . . Parts Scanalyzed . | . . . . . . . . . . . . . Part Schematics Acquired . | . . . . . . . . . . . . . Parts Damaged . | . . . . . . . . . . . . . Bothacking | -11 -10 -10 -10 -9 -8 -7 -7 -7 -7 -6 -6 -6 ------------ Run | Yrd Mat Min Exi Min Mat Fac Low Low Dat Pro Fac Ext Used RIF Installer . | . . . . . . . . . . . . . Robots Hacked . | . . . . . . . . . . . . . Non-combat . | . . . . . . . . . . . . . Combat . | . . . . . . . . . . . . . Robot Hacks Applied . | . . . . . . . . . . . . . Relay Couplers Released . | . . . . . . . . . . . . . Fabnet Peak Effective % . | . . . . . . . . . . . . . Robots Rewired . | . . . . . . . . . . . . . Allies Hacked 2 | . . . . . . . . . . . . 2 Hacks Repelled . | . . . . . . . . . . . . . Allies | -11 -10 -10 -10 -9 -8 -7 -7 -7 -7 -6 -6 -6 -------- Run | Yrd Mat Min Exi Min Mat Fac Low Low Dat Pro Fac Ext Total Allies 13 | . . . . . . . 1 . . 1 . 11 Largest Group 7 | . . . . . . . 1 . . 1 1 7 Highest-Rated Group 327 | . . . . . . . 167 . . 96 96 327 Highest-Rated Ally 167 | . . . . . . . 167 . . 96 96 159 Total Orders 1 | . . . . . . . . . . . 1 . RETURN 1 | . . . . . . . . . . . 1 . Ally Attacks 176 | . . . . . . . . . . 4 47 125 Total Damage 4204 | . . . . . . . . . . 111 1225 2868 Kills 31 | . . . . . . . . . . 1 6 24 Allies Corrupted 1 | . . . . . . . . . . . . 1 Allies Melted . | . . . . . . . . . . . . . Intel | -11 -10 -10 -10 -9 -8 -7 -7 -7 -7 -6 -6 -6 ------- Run | Yrd Mat Min Exi Min Mat Fac Low Low Dat Pro Fac Ext Active Infowar (turns) . | . . . . . . . . . . . . . Robot Analysis Total . | . . . . . . . . . . . . . Derelict Logs Recovered 3 | . . . . 1 . . . 1 . 1 . . Drone Launches 2 | . . . . . . . . . . . 2 . Drone Recoveries 2 | . . . . . . . . . . . 2 . Exploration | -11 -10 -10 -10 -9 -8 -7 -7 -7 -7 -6 -6 -6 ------------- Run | Yrd Mat Min Exi Min Mat Fac Low Low Dat Pro Fac Ext Turns Passed 8864 | 70 564 570 732 536 963 1917 151 150 122 160 1833 1096 Spaces Moved 5155 | 48 259 210 386 254 350 874 398 321 287 297 938 533 Core 221 | 13 5 28 . . . 119 . . 1 . 50 5 Treads 924 | 35 254 . . . . . . . . . 107 528 Legs 2072 | . . 182 386 254 350 621 . . . . 279 . Wheels . | . . . . . . . . . . . . . Hover 224 | . . . . . . . . . . . 224 . Flight 1714 | . . . . . . 134 398 321 286 297 278 . Fastest Speed 35 | 50 160 190 190 190 130 35 35 35 35 35 35 150 Average Speed 137 | 130 163 225 190 190 198 179 35 35 35 46 140 159 Slowest Speed 850 | 160 400 450 190 190 200 850 35 35 50 100 650 160 Overloaded Moves . | . . . . . . . . . . . . . Propulsion Burnouts . | . . . . . . . . . . . . . Robots Hopped 1 | . . . . . . . . . . . 1 . Potential Cave-ins 3 | . . . . . . . . . . . 3 . Cave-ins Triggered . | . . . . . . . . . . . . . Exploration Rate (%) 45 | 4 38 44 78 40 27 27 61 51 76 50 26 72 Regions Visited 12 Branch Regions 8 Pre-discovered Areas 1 | . . . . . . . . . 1 . . . Known Exits Taken 2 | . . . . . . . . . . 1 1 . Unknown Exits Taken 10 | 1 1 1 1 1 1 1 1 1 1 . . . Scrap Searched 6 | . . . . 1 . . 2 1 . 2 . . Spaces Dug 26 | . . . . . 2 . . . . 16 8 . Terrain Destroyed 305 | . . . . . 46 48 8 . . 38 163 2 Melee . | . . . . . . . . . . . . . Projectile 96 | . . . . . 46 18 . . . . 30 2 AOE 209 | . . . . . . 30 8 . . 38 133 . Terrain Rammed . | . . . . . . . . . . . . . Walls Destroyed . | . . . . . . . . . . . . . Machines Disabled . | . . . . . . . . . . . . . Actions | -11 -10 -10 -10 -9 -8 -7 -7 -7 -7 -6 -6 -6 --------- Run | Yrd Mat Min Exi Min Mat Fac Low Low Dat Pro Fac Ext Total 6259 | 56 324 251 385 275 513 1052 406 358 307 316 1334 682 Wait 395 | 1 8 10 . . 43 53 . 36 21 12 136 75 Move 5141 | 47 258 209 385 253 349 873 397 320 286 296 935 533 Hop 1 | . . . . . . . . . . . 1 . Pick Up 78 | 4 13 2 . 2 23 11 . . . . 19 4 Fast Attach 27 | . . . . . . 6 1 . . . 17 3 Attach 74 | 4 6 2 . 2 11 21 1 . . 2 21 4 Detach 14 | . . . . . 1 2 1 1 . 1 8 . Swap 13 | . 2 . . 1 4 4 . . . . 2 . Drop 31 | . . . . . 9 5 . 1 . . 12 4 Fire 433 | . 37 28 . 17 73 77 6 . . 5 136 54 Melee 5 | . . . . . . . . . . . . 5 Ram . | . . . . . . . . . . . . . Kick . | . . . . . . . . . . . . . Crush . | . . . . . . . . . . . . . Escape Stasis 47 | . . . . . . . . . . . 47 . Rewire . | . . . . . . . . . . . . . Trap . | . . . . . . . . . . . . . Miscellaneous . | . . . . . . . . . . . . . Route ------- -11/Scrapyard -10/Materials (discovered 2 exits: [*Mat] / [*Min]) -10/Mines -10/Exiles -9/Mines -8/Materials -7/Factory (discovered 2 exits: *Fac / *Low) -7/Lower Caves -7/Lower Caves (discovered 2 exits: *Fac / *Dat) -7/Data Miner -6/Proximity Caves -6/Factory (discovered 2 exits: [*Fac] / *Ext) -6/Extension (discovered 2 exits: [*Fac] / [*Cet]) History --------- Turn | Location | Event 4 | -11/Scrapyard | Discovered new exit (range 16) 71 | -11/Scrapyard | Entered Materials 244 | -10/Materials | Discovered new exit (range 16) 311 | -10/Materials | Build established: Mutant 607 | -10/Materials | Discovered new exit (range 15) 635 | -10/Materials | Entered Mines 1197 | -10/Mines | Deemed a non-threat by the Exiles lab entrance 1197 | -10/Mines | Discovered new exit (range 5) 1205 | -10/Mines | Entered Exiles 1205 | -10/Exiles | Found Exiles lab abandoned 1916 | -10/Exiles | Discovered new exit (range 14) 1937 | -10/Exiles | Entered Mines 1953 | -9/Mines | Core integrity fell below 50% 2438 | -9/Mines | Learned Materials stockpile data 2447 | -9/Mines | Discovered new exit (range 5) 2473 | -9/Mines | Entered Materials 2473 | -8/Materials | Evolved 4 slots: Utility x2, Weapon x2 2878 | -8/Materials | Build established: Gunner 3359 | -8/Materials | Discovered new exit (range 12) 3436 | -8/Materials | Entered Factory 3436 | -7/Factory | Evolved 2 slots: Utility x2 3809 | -7/Factory | Garrison activated, responded to threat 3839 | -7/Factory | Lost 4 parts (1n3w) 4380 | -7/Factory | Discovered new exit (range 4) 4388 | -7/Factory | Identified exit to Factory 5079 | -7/Factory | Lost 4 parts (2n2w) 5202 | -7/Factory | Core integrity fell below 50% 5234 | -7/Factory | Lost 6 parts (1n3u2w) 5290 | -7/Factory | Build established: Mutant 5350 | -7/Factory | Discovered new exit (range 10) 5353 | -7/Factory | Entered Lower Caves 5361 | -7/Lower Caves | Ambushed by wild Derelicts 5455 | -7/Lower Caves | Core integrity fell below 20% 5500 | -7/Lower Caves | Discovered new exit (range 11) 5504 | -7/Lower Caves | Entered another Lower Caves area 5508 | -7/Lower Caves | Encountered a Warlord checkpoint 5545 | -7/Lower Caves | Learned Factory terminal intel 5552 | -7/Lower Caves | Discovered exit to Factory (range 8) 5652 | -7/Lower Caves | Discovered new exit (range 4) 5654 | -7/Lower Caves | Entered Data Miner 5654 | -7/Data Miner | Discovered new exit (range 6) 5661 | -7/Data Miner | Met Data Miner 5674 | -7/Data Miner | Learned location of Section 7 (-3) 5674 | -7/Data Miner | Acquired the access code to Warlord's prototype stash 5683 | -7/Data Miner | Received God Mode back door access code from Data Miner 5740 | -7/Data Miner | Build established: Hacker-Mutant 5776 | -7/Data Miner | Entered Proximity Caves 5854 | -6/Proximity Caves | Spotter reported a threat 5919 | -6/Proximity Caves | Escorted by Enhanced Grunt 5920 | -6/Proximity Caves | Discovered exit to Factory (range 7) 5936 | -6/Proximity Caves | Entered Factory 5936 | -6/Factory | Accompanied by 1 ally 5936 | -6/Factory | Evolved 2 slots: Propulsion x2 5937 | -6/Factory | Identified exit to Extension 5938 | -6/Factory | Loaded intel: 27 terminal locations 6533 | -6/Factory | Incoming investigation squad redirected 6563 | -6/Factory | Garrison activated, responded to threat 6594 | -6/Factory | Lost 6 parts (2n2u2w) 6624 | -6/Factory | Fabricated Mass Driver (x2) 6704 | -6/Factory | Core integrity fell below 50% 6839 | -6/Factory | Discovered new exit (range 16) 7267 | -6/Factory | Build established: Gunner 7583 | -6/Factory | Lost 5 parts (2n2u1w) 7769 | -6/Factory | Entered Extension 7868 | -6/Extension | Build established: Hacker-Mutant 7884 | -6/Extension | Rescued a captive Derelict 7955 | -6/Extension | Rescued a captive Derelict 7988 | -6/Extension | Rescued a captive Derelict 7988 | -6/Extension | Rescued a captive Derelict 8073 | -6/Extension | Rescued A7 8171 | -6/Extension | Rescued a captive Derelict 8231 | -6/Extension | Spotted B-75 Beast 8240 | -6/Extension | P-60 Hacker assimilated allied OX-QU7(h) 8244 | -6/Extension | Disrupted transfer network 8260 | -6/Extension | Core integrity fell below 20% 8294 | -6/Extension | Allies destroyed B-75 Beast 8303 | -6/Extension | Spotted B-75 Beast 8318 | -6/Extension | Allies destroyed B-75 Beast 8532 | -6/Extension | Rescued a captive Derelict 8532 | -6/Extension | Rescued a captive Derelict 8556 | -6/Extension | Rescued a captive Derelict 8559 | -6/Extension | Rescued a captive Derelict 8581 | -6/Extension | Rescued a captive Derelict 8649 | -6/Extension | Rescued a captive Derelict 8826 | -6/Extension | Discovered new exit (range 10) 8848 | -6/Extension | Discovered new exit (range 6) 8865 | -6/Extension | Destroyed by H-66 Slayer with Heavy Assault Rifle Last Messages --------------- Slug penetrates Wall. K-01 Serf exits Transfer Station. R-10 Processor exits Transfer Station. K-01 Serf exits Transfer Station. Penetrated by Slug. Med. Treads destroyed. H-66 Slayer knocked back. H-66 Slayer IFF system glitched. Slug penetrates A7. EXIT=FOUND R-10 Processor exits Transfer Station. K-01 Serf exits Transfer Station. R-10 Processor exits Transfer Station. Slug penetrates A7. A7 suffers critical hit (Destroy). Slug penetrates A7. Penetrated by Slug. H-66 Slayer IFF system glitched. Penetrated by Slug. Hacking Suite destroyed. Map ----- +----------------------------------------------------+ | #+########### #???# #????? | | #???# #????? | | # #???#=#????? | | # #### #####%#????? | | # ##?# !% ![#????? | | # % ##?#######%#????? | | ######+#"#??????#=#????? | | # # !! ! !?????# #????? | | ##########? #????# #????? | | ???????????? = "Y" #????# #????? | | ???????????? """?#????# #????? | | ???????????"T"####??????# #????? | | ???????????###??????????# #????? | | ????????????????????????# #????? | | ????????????????????????# #????? | | ????????????????????????# #????? | | ????????????????????????# #????? | | ????????????????????????# #????? | | ????????????????????????#l#????? | | ????????????????????????#b#????? | | ????????????????????????#h#????? | | ????????????????????????#b#????? | | ????????????????????????#l#????? | | ???????????????????????##h#????? | | ???????????????????????#up#????? | | ???????????????????????##@#????? | | ???????????????????????" h""???? | | ????????????????????? h" " #?? | | ??????????????????? ? | | ????????????????? < # | | ??????????????? # | | ?????????????? % ### | | ??????????????? ?? | | ??????????????#;#####